Map: Lightshade LE

Players

ThorKen

  • Race: Zerg Zerg
  • League: Diamond

ViBE - Winner!

  • Race: Zerg Zerg
  • League: Diamond

VOD

Have the link to the VOD?

Description

Time

  • Played on: April 10, 2021, 10:22 p.m.
  • Length: 6:33
Show
View Real Time Build Order
Export as new Build Order

ThorKen Zerg 

Build Orders: Hatch First 

Get SALT Encoding   

  12  0:01  Drone  
  13  0:12  Overlord  
  13  0:16  Drone  
  14  0:30  Drone x2  
  16  0:39  Drone  
  17  0:53  Hatchery  
  17  0:55  Drone  
  17  0:59  Drone  
  18  1:13  Spawning Pool  
  18  1:15  Extractor  
  16  1:20  Drone  
  16  1:22  Drone  
  18  1:28  Drone  
  19  1:40  Overlord  
  19  2:00  Queen  
  21  2:05  Drone x2  
  23  2:10  Drone  
  23  2:12  Queen  
  23  2:15  Drone  
  27  2:22  Metabolic Boost  
  27  2:24  Drone x2  
  27  2:28  Drone  
  30  2:38  Queen  
  30  2:41  Overlord  
  30  2:43  Zergling x2  
  33  2:45  Zergling x2  
  33  2:48  Queen  
  36  2:53  Overlord  
  36  3:12  Zergling x2  
  37  3:13  Zergling x12  
  43  3:21  Zergling x8  
  47  3:40  Zergling x4  
  49  3:47  Drone  
  49  3:48  Drone x2  
  52  3:54  Overlord x4  
  52  3:58  Hatchery  
  45  4:13  Zergling x6  
  45  4:14  Zergling x2  
  46  4:32  Zergling x6  
  46  4:33  Zergling x6  
  52  4:39  Zergling x2  
  52  4:40  Zergling x2  
  54  4:52  Zergling x4  
  40  5:28  Zergling x2  
  40  5:29  Zergling x16  
  46  5:50  Zergling x14  
  46  5:52  Hatchery  
  46  5:56  Drone  
  52  5:58  Zergling x2  
  52  5:59  Zergling x4  
Show
View Real Time Build Order
Export as new Build Order

ViBE Zerg - Winner!

Build Orders: Hatch First, Zergling Baneling 

Get SALT Encoding   

  12  0:00  Drone  
  13  0:13  Overlord  
  13  0:21  Drone  
  14  0:33  Drone x2  
  16  0:51  Hatchery  
  16  0:55  Drone  
  16  0:56  Drone  
  18  1:04  Drone  
  18  1:14  Spawning Pool  
  18  1:16  Extractor  
  18  1:17  Drone  
  17  1:23  Drone  
  18  1:30  Drone  
  19  1:49  Overlord  
  19  2:04  Drone  
  19  2:05  Drone x2, Queen x2  
  26  2:15  Metabolic Boost  
  26  2:20  Zergling x2  
  26  2:22  Drone  
  28  2:26  Drone x2  
  30  2:37  Hatchery  
  29  2:51  Baneling Nest  
  29  2:52  Drone  
  29  2:53  Drone x3  
  29  2:55  Zergling x2  
  33  2:59  Zergling x2  
  34  3:05  Overlord  
  34  3:14  Queen  
  35  3:23  Zergling x2  
  36  3:28  Drone x6  
  42  3:35  Baneling x2  
  42  3:42  Baneling x2  
  42  3:43  Baneling  
  42  3:44  Zergling x4  
  42  3:46  Overlord  
  44  3:55  Zergling x12  
  47  4:09  Drone x5  
  51  4:14  Drone x3  
  54  4:20  Queen  
  55  4:25  Baneling x2  
  55  4:26  Baneling  
  55  4:29  Drone x2  
  57  4:31  Overlord  
  57  4:33  Overlord  
  57  4:34  Overlord  
  57  4:37  Overlord  
  57  4:44  Evolution Chamber  
  56  4:47  Drone x2, Roach Warren  
  56  4:52  Overlord  
  57  4:55  Drone x8  
  57  4:56  Drone  
  66  5:04  Queen  
  66  5:10  Zergling x12  
  71  5:17  Queen  
  62  5:34  Drone x6  
  62  5:35  Drone x8  
  73  5:36  Baneling x2  
  73  5:37  Baneling x2  
  73  6:03  Overlord  
  73  6:04  Overlord  
  73  6:10  Drone x7  
  79  6:14  Extractor x2  
  79  6:16  Extractor x2  
  78  6:19  Baneling x4  
  78  6:23  Extractor  
Tags
 
Add a new tag
Caveats
  • Supply blocks, unpowered buildings, or Contaminate may cause inaccurate times.
  • Supply counts are checked every 10 seconds.